PL
WIZARDING EXPRESS @ PANAMA CITY PIRANHAS
07/24/2028
 
TOP OF THE 1ST
Wizarding Express batting - Pitching for Panama City Piranhas : LHP Kirby Buckner
Pitching: LHP Kirby Buckner
Batting: RHB António Martínez 0-0: Called Strike
0-1: Foul Ball, location: 2F
0-2: Fly out, F8 (Flyball, 8LXD)
Batting: SHB Salvador Trevino 0-0: Called Strike
0-1: Called Strike
0-2: Strikes out swinging
Batting: LHB Nathan Tanner 0-0: Ball
1-0: Swinging Strike
1-1: Foul Ball, location: 2F
1-2: Fly out, F6 (Popup, 6D)
Top of the 1st over - 0 run(s), 0 hit(s), 0 error(s), 0 left on base; Wizarding 0 - Panama City 0
BOTTOM OF THE 1ST
Panama City Piranhas batting - Pitching for Wizarding Express : LHP Javier Roldán
Pitching: LHP Javier Roldán
Batting: RHB Juan Jose Ayala 0-0: Called Strike
0-1: Ball
1-1: Ground out 6-3 (Groundball, 6)
Batting: RHB Raúl Ortíz 0-0: Ball
1-0: Ball
2-0: Called Strike
2-1: Foul Ball, location: 2F
2-2: Foul Ball, location: 2F
2-2: Ball
3-2: Base on Balls
Batting: RHB Andy Putman 0-0: Ball
1-0: Fly out, F4 (Popup, 4)
Batting: RHB Armando Alvarado 0-0: Foul Ball, location: 2F
0-1: Ball
1-1: Swinging Strike
1-2: Foul Ball, location: 2F
1-2: Ball
2-2: Foul Ball, location: 2F
2-2: Ball
Wild Pitch!
Raúl Ortíz to second
3-2: Fly out, F3 (Popup, 3L)
Bottom of the 1st over - 0 run(s), 0 hit(s), 0 error(s), 1 left on base; Wizarding 0 - Panama City 0
TOP OF THE 2ND
Wizarding Express batting - Pitching for Panama City Piranhas : LHP Kirby Buckner
Batting: LHB David Breitling 0-0: Swinging Strike
0-1: Swinging Strike
0-2: Ball
1-2: Strikes out looking
Batting: LHB José Corona 0-0: Ball
1-0: Fly out, F7 (Flyball, 7LSF)
Batting: SHB Fernando Sánchez 0-0: Called Strike
0-1: Swinging Strike
0-2: Ball
1-2: Ball
2-2: Foul Ball, location: 2F
2-2: Strikes out looking
Top of the 2nd over - 0 run(s), 0 hit(s), 0 error(s), 0 left on base; Wizarding 0 - Panama City 0
BOTTOM OF THE 2ND
Panama City Piranhas batting - Pitching for Wizarding Express : LHP Javier Roldán
Batting: RHB Baldomero Avino 0-0: Ground out 1-3 (Groundball, 15S)
Batting: RHB Lorenzo Rosas 0-0: Ball
1-0: Ball
2-0: Ball
3-0: Called Strike
3-1: Foul Ball, location: 2F
3-2: Foul Ball, location: 2F
3-2: Ground out 6-3 (Groundball, 6)
Batting: RHB Cale Sutton 0-0: Ball
1-0: Called Strike
1-1: Ball
2-1: Ball
3-1: Base on Balls
Batting: LHB Sergio Muńóz 0-0: Ball
1-0: Swinging Strike
1-1: Called Strike
1-2: Strikes out looking
Bottom of the 2nd over - 0 run(s), 0 hit(s), 0 error(s), 1 left on base; Wizarding 0 - Panama City 0
TOP OF THE 3RD
Wizarding Express batting - Pitching for Panama City Piranhas : LHP Kirby Buckner
Batting: RHB Cole Shaffer 0-0: Ball
1-0: Foul Ball, location: 2F
1-1: Ball
2-1: Foul Ball, location: 2F
2-2: Strikes out swinging
Batting: LHB Kyung-chor Pang 0-0: Bunt missed!
0-1: Swinging Strike
0-2: Ball
1-2: Foul Ball, location: 2F
1-2: Fly out, F9 (Flyball, 9)
Batting: LHB António Boccanegra 0-0: Foul Ball, location: 2F
0-1: Ball
1-1: Ball
2-1: SINGLE (Line Drive, 8LS)
Batting: RHB António Martínez 0-0: Ball
1-0: Fielders Choice at 2nd, 4-6 (Groundball, 4)
Top of the 3rd over - 0 run(s), 1 hit(s), 0 error(s), 0 left on base; Wizarding 0 - Panama City 0
BOTTOM OF THE 3RD
Panama City Piranhas batting - Pitching for Wizarding Express : LHP Javier Roldán
Batting: LHB Jack Sutherland 0-0: Swinging Strike
0-1: Called Strike
0-2: Foul Ball, location: 2F
0-2: Strikes out swinging
Batting: RHB Juan Jose Ayala 0-0: Foul Ball, location: 2F
0-1: Foul Ball, location: 2F
0-2: Ball
1-2: Ground out U3 (Groundball, 34)
Batting: RHB Raúl Ortíz 0-0: Ball
1-0: Called Strike
1-1: Ball
2-1: Ball
3-1: Called Strike
3-2: Foul Ball, location: 2F
3-2: Strikes out looking
Bottom of the 3rd over - 0 run(s), 0 hit(s), 0 error(s), 0 left on base; Wizarding 0 - Panama City 0
TOP OF THE 4TH
Wizarding Express batting - Pitching for Panama City Piranhas : LHP Kirby Buckner
Batting: SHB Salvador Trevino 0-0: Called Strike
0-1: Ball
1-1: Ground out 6-3 (Groundball, 6)
Batting: LHB Nathan Tanner 0-0: Foul Ball, location: 2F
0-1: Ball
1-1: Ball
2-1: Foul Ball, location: 2F
2-2: Foul Ball, location: 2F
2-2: SINGLE (Groundball, 4S) (infield hit)
Batting: LHB David Breitling 0-0: Ball
1-0: Ball
2-0: Called Strike
2-1: Foul Ball, location: 2F
2-2: Foul Ball, location: 2F
2-2: Strikes out swinging
Batting: LHB José Corona 0-0: Ball
1-0: Called Strike
1-1: Swinging Strike
1-2: Ball
Nathan Tanner steals 2nd base
2-2: Ball
3-2: Foul Ball, location: 2F
3-2: Strikes out looking
Top of the 4th over - 0 run(s), 1 hit(s), 0 error(s), 1 left on base; Wizarding 0 - Panama City 0
BOTTOM OF THE 4TH
Panama City Piranhas batting - Pitching for Wizarding Express : LHP Javier Roldán
Batting: RHB Andy Putman 0-0: Ball
1-0: Ball
2-0: Ground out 4-3 (Groundball, 4)
Batting: RHB Armando Alvarado 0-0: SOLO HOME RUN (Flyball, 8RXD), Distance : 431 ft
Batting: RHB Baldomero Avino 0-0: Ball
1-0: Ball
2-0: Called Strike
2-1: Called Strike
2-2: Strikes out swinging
Batting: RHB Lorenzo Rosas 0-0: Ball
1-0: Ball
2-0: Fly out, F7 (Line Drive, 7D)
Bottom of the 4th over - 1 run(s), 1 hit(s), 0 error(s), 0 left on base; Wizarding 0 - Panama City 1
TOP OF THE 5TH
Wizarding Express batting - Pitching for Panama City Piranhas : LHP Kirby Buckner
Batting: SHB Fernando Sánchez 0-0: Foul Ball, location: 2F
0-1: Ball
1-1: Swinging Strike
1-2: Strikes out swinging
Batting: RHB Cole Shaffer 0-0: Ball
1-0: Ball
2-0: SOLO HOME RUN (Flyball, 7D), Distance : 358 ft
Batting: LHB Kyung-chor Pang 0-0: Called Strike
0-1: Ball
1-1: Foul Ball, location: 2F
1-2: Foul Ball, location: 2F
1-2: Ball
2-2: Foul Ball, location: 2F
2-2: Ground out 3-1 (Groundball, 34)
Batting: LHB António Boccanegra 0-0: Ground out U3 (Groundball, 3)
Top of the 5th over - 1 run(s), 1 hit(s), 0 error(s), 0 left on base; Wizarding 1 - Panama City 1
BOTTOM OF THE 5TH
Panama City Piranhas batting - Pitching for Wizarding Express : LHP Javier Roldán
Batting: RHB Cale Sutton 0-0: Ball
1-0: Called Strike
1-1: Fly out, F9 (Flyball, 9D)
Batting: LHB Sergio Muńóz 0-0: Swinging Strike
0-1: Ball
1-1: Swinging Strike
1-2: Foul Ball, location: 2F
1-2: Strikes out swinging
Batting: LHB Jack Sutherland 0-0: Ball
1-0: Foul Ball, location: 2F
1-1: Ball
2-1: Foul Ball, location: 2F
2-2: Ground out U3 (Groundball, 34)
Bottom of the 5th over - 0 run(s), 0 hit(s), 0 error(s), 0 left on base; Wizarding 1 - Panama City 1
TOP OF THE 6TH
Wizarding Express batting - Pitching for Panama City Piranhas : LHP Kirby Buckner
Batting: RHB António Martínez 0-0: Ball
1-0: Ball
2-0: Called Strike
2-1: SINGLE (Groundball, 25) (infield hit)
Batting: SHB Salvador Trevino 0-0: Fly out, F8 (Flyball, 8LS)
Batting: LHB Nathan Tanner 0-0: Ball
1-0: Foul Ball, location: 2F
1-1: Foul Ball, location: 2F
1-2: Strikes out looking
António Martínez is caught stealing 2nd base
Batter strikes out.
Top of the 6th over - 0 run(s), 1 hit(s), 0 error(s), 0 left on base; Wizarding 1 - Panama City 1
BOTTOM OF THE 6TH
Panama City Piranhas batting - Pitching for Wizarding Express : LHP Javier Roldán
Batting: RHB Juan Jose Ayala 0-0: Foul Ball, location: 2F
0-1: Called Strike
0-2: Foul Ball, location: 2F
0-2: Ball
1-2: Foul Ball, location: 2F
1-2: Ball
2-2: SINGLE (Flyball, 89S)
Batting: RHB Raúl Ortíz 0-0: Ball
1-0: Ball
2-0: Foul Ball, location: 2F
2-1: Grounds into double play, 5-4-3 (Groundball, 5)
Batting: RHB Andy Putman 0-0: Foul Ball, location: 2F
0-1: SINGLE (Popup, 34D)
Batting: RHB Armando Alvarado 0-0: Ball
1-0: Foul Ball, location: 2F
1-1: Fly out, F9 (Flyball, 9LSF)
Bottom of the 6th over - 0 run(s), 2 hit(s), 0 error(s), 1 left on base; Wizarding 1 - Panama City 1
TOP OF THE 7TH
Wizarding Express batting - Pitching for Panama City Piranhas : LHP Kirby Buckner
Batting: LHB David Breitling 0-0: Fly out, F8 (Flyball, 8LXD)
Batting: LHB José Corona 0-0: Called Strike
0-1: Foul Ball, location: 2F
0-2: Ball
1-2: Ball
2-2: Hit by Pitch
Batting: SHB Fernando Sánchez 0-0: Ball
José Corona steals 2nd base
1-0: Called Strike
1-1: DOUBLE (Flyball, 7D)
José Corona scores
Batting: RHB Cole Shaffer 0-0: Ball
1-0: Fly out, F7 (Flyball, 78M)
Batting: LHB Kyung-chor Pang 0-0: Ball
1-0: Ball
2-0: Ball
3-0: Called Strike
3-1: Fly out, F6 (Line Drive, 6M)
Top of the 7th over - 1 run(s), 1 hit(s), 0 error(s), 1 left on base; Wizarding 2 - Panama City 1
BOTTOM OF THE 7TH
Panama City Piranhas batting - Pitching for Wizarding Express : LHP Javier Roldán
Batting: RHB Baldomero Avino 0-0: Ball
1-0: Ball
2-0: Called Strike
2-1: Swinging Strike
2-2: Foul Ball, location: 2F
2-2: Ball
3-2: Base on Balls
Pitching: RHP Enrico Reséndez
Batting: RHB Lorenzo Rosas 0-0: Foul Ball, location: 2F
0-1: Ball
1-1: Foul Ball, location: 2F
1-2: Foul Ball, location: 2F
1-2: Grounds into double play, 6-4-3 (Groundball, 6)
Pitching: RHP Juan Cantú
Batting: RHB Cale Sutton 0-0: Ball
1-0: Called Strike
1-1: Foul Ball, location: 2F
1-2: Foul Ball, location: 2F
1-2: Strikes out swinging
Bottom of the 7th over - 0 run(s), 0 hit(s), 0 error(s), 0 left on base; Wizarding 2 - Panama City 1
TOP OF THE 8TH
Wizarding Express batting - Pitching for Panama City Piranhas : LHP Kirby Buckner
Batting: LHB António Boccanegra 0-0: Called Strike
0-1: Ball
1-1: Ground out 6-3 (Groundball, 6)
Batting: RHB António Martínez 0-0: Called Strike
0-1: Called Strike
0-2: Strikes out swinging
Batting: SHB Salvador Trevino 0-0: Called Strike
0-1: DOUBLE (Flyball, 8RD)
Batting: LHB Nathan Tanner 0-0: Called Strike
0-1: Ball
1-1: Ball
2-1: Called Strike
2-2: Ball
3-2: Reached on error, E5 (Groundball, 56)
Salvador Trevino scores
Pitching: RHP Edgardo Nava
Batting: LHB David Breitling 0-0: Called Strike
0-1: Ball
1-1: Called Strike
1-2: Ball
2-2: Strikes out looking
Top of the 8th over - 1 run(s), 1 hit(s), 1 error(s), 1 left on base; Wizarding 3 - Panama City 1
BOTTOM OF THE 8TH
Panama City Piranhas batting - Pitching for Wizarding Express : RHP Juan Cantú
Batting: LHB Sergio Muńóz 0-0: Foul Ball, location: 2F
0-1: Ground out 4-3 (Groundball, 4S)
Batting: LHB Jack Sutherland 0-0: Called Strike
0-1: SINGLE (Line Drive, 4MD)
Batting: RHB Juan Jose Ayala 0-0: Ball
1-0: Called Strike
1-1: Swinging Strike
1-2: Ball
2-2: Foul Ball, location: 2F
2-2: Fielders Choice at 2nd, 1-6 (Groundball, 13S)
Batting: RHB Raúl Ortíz 0-0: Ball
1-0: Foul Ball, location: 2F
1-1: Ball
2-1: Called Strike
2-2: SINGLE (Groundball, 4D)
Juan Jose Ayala to second
Runner from 2nd tries for 3rd, SAFE, no throw
Batting: RHB Andy Putman 0-0: Ball
1-0: Fly out, F9 (Flyball, 9S)
Bottom of the 8th over - 0 run(s), 2 hit(s), 0 error(s), 2 left on base; Wizarding 3 - Panama City 1
TOP OF THE 9TH
Wizarding Express batting - Pitching for Panama City Piranhas : RHP Edgardo Nava
Batting: LHB José Corona 0-0: Ball
1-0: Called Strike
1-1: Foul Ball, location: 2F
1-2: Fly out, F7 (Flyball, 7LM)
Batting: SHB Fernando Sánchez 0-0: Ball
1-0: Ball
2-0: Ball
3-0: Called Strike
3-1: Fly out, F8 (Flyball, 8RD)
Batting: RHB Cole Shaffer 0-0: Ball
1-0: Swinging Strike
1-1: Ball
2-1: Called Strike
2-2: Foul Ball, location: 2F
2-2: Ball
3-2: Strikes out swinging
Top of the 9th over - 0 run(s), 0 hit(s), 0 error(s), 0 left on base; Wizarding 3 - Panama City 1
BOTTOM OF THE 9TH
Panama City Piranhas batting - Pitching for Wizarding Express : RHP Juan Cantú
Pitching: LHP Eijiro Takahashi
Batting: RHB Armando Alvarado 0-0: Swinging Strike
0-1: Foul Ball, location: 2F
0-2: Ball
1-2: Fly out, F8 (Flyball, 8LM)
Batting: RHB Baldomero Avino 0-0: Foul Ball, location: 2F
0-1: Foul Ball, location: 2F
0-2: Ball
1-2: Foul Ball, location: 2F
1-2: Foul Ball, location: 2F
1-2: Fly out, F7 (Flyball, 78D)
Batting: RHB Lorenzo Rosas 0-0: SINGLE (Groundball, 2R) (infield hit)
Batting: RHB Cale Sutton 0-0: Swinging Strike
0-1: Foul Ball, location: 2F
0-2: Foul Ball, location: 2F
0-2: Foul Ball, location: 2F
0-2: Strikes out swinging
Bottom of the 9th over - 0 run(s), 1 hit(s), 0 error(s), 1 left on base; Wizarding 3 - Panama City 1
Friday, August 18th, 2017 - OOTP Baseball 17.12 Build 75